Workbook
Name _____PJ50: #REF!
Name _____PJ50: #REF!
Name _____PJ50: #REF!
Name _____pj51: #REF!
Name _____pj51: #REF!
Name _____pj51: #REF!
Name ____PJ50: #REF!
Name ____PJ50: #REF!
Name ____PJ50: #REF!
Name ____pj51: #REF!
Name ____pj51: #REF!
Name ____pj51: #REF!
Name ___PJ50: #REF!
Name ___PJ50: #REF!
Name ___PJ50: #REF!
Name ___pj51: #REF!
Name ___pj51: #REF!
Name ___pj51: #REF!
Name __PJ50: #REF!
Name __PJ50: #REF!
Name __PJ50: #REF!
Name __pj51: #REF!
Name __pj51: #REF!
Name __pj51: #REF!
Name _APU221: #REF!
Name _APU221: #REF!
Name _APU221: #REF!
Name _APU465: [1]!absc
Name _APU465: [1]!absc
Name _APU465: [1]!absc
Name _APU465: [1]!absc
Name _PJ50: #REF!
Name _PJ50: #REF!
Name _PJ50: #REF!
Name _pj51: #REF!
Name _pj51: #REF!
Name _pj51: #REF!
Name A: #REF!
Name A: #REF!
Name A: #REF!
Name A_impresión_IM: #REF!
Name A_impresión_IM: #REF!
Name A_impresión_IM: #REF!
Name absc: #N/A
Name adoq: [2]!absc
Name adoq: [2]!absc
Name adoq: [2]!absc
Name adoq: [2]!absc
Name alc: [3]!absc
Name alc: [3]!absc
Name alc: [3]!absc
Name alc: [3]!absc
Name AÑOWUIE: '[4]Res-Accide-10'!$R$2:$R$7
Name APU: [5]!absc
Name APU: [5]!absc
Name APU: [5]!absc
Name APU: [5]!absc
Name APU221.1: #REF!
Name APU221.1: #REF!
Name APU221.1: #REF!

Sheet LISTA PROPONENTES
B2: 1 | C2: CONSTRUCCIONES ARES SAS
B3: =B2+1 -> 2 | C3: CONSORCIO ECO MANTENIMIENTOS
B4: =B3+1 -> 3 | C4: UT SEDES SENA BOYACA
B5: =B4+1 -> 4 | C5: DIARQCO CONSTRUCTORES SAS
B6: =B5+1 -> 5 | C6: CONSORCIO PREDESTINACION
B7: =B6+1 -> 6 | C7: CONSORCIO OBRAS SENA GT
B8: =B7+1 -> 7 | C8: CONSORCIO SENA CTC
B9: =B8+1 -> 8 | C9: CONSORCIO CE OBRAS SENA
B10: =B9+1 -> 9 | C10: CONSORCIO SENA BOYACA
B11: =B10+1 -> 10 | C11: CONSTRUCCIONES AMG SAS
B12: =B11+1 -> 11 | C12: CONSTRUCCIONES KYOTO S.A.S
B13: =B12+1 -> 12 | C13: CONSORCIO MANTENIMIENTO CIMM 21
B14: =B13+1 -> 13 | C14: U.T. FZ SENA
... B16: =B15+1 -> 15 | C16: CONSORCIO SAN PEDRO
B17: =B16+1 -> 16 | C17: CONSORCIO INDUSTRIAL M2 | E17: rechazado
B18: =B17+1 -> 17 | C18: CONSORCIO INGENIERÍA BOYACÁ
B19: =B18+1 -> 18 | C19: HACER DE COLOMBIA SAS
B20: =B19+1 -> 19 | C20: CONSORCIO SENA SOGAMOSO
B21: =B20+1 -> 20 | C21: RAELJA INGENIERIA S.A.S
B22: =B21+1 -> 21 | C22: CONSORCIO FLOR AMARILLO 2025
B23: =B22+1 -> 22 | C23: GRUPO EMPRESARIAL INVERSIONES Y CONSTRUCCIONES CIA S.A.S.
B24: =B23+1 -> 23 | C24: CONSTRUCTORAAZUL65

Sheet REVISION PROPUESTA ECONOMICA
A1: CONSOLIDADO EVALUACION PROPUESTA ECONOMICA
C3: PRESPUESTO OFICIAL | D3: 1926493549 | E3: TRM 16 SEPT 2025= 3897,57 | F3: Formula a utilizar = MEDIA ARITMETICA BAJA
A4: No. De Radicación | B4: PROPONENTE | C4: VALOR PROPUESTA PRESENTADA | D4: VALOR PROPUESTA CORREGIDA | E4: Profesional Evaluador propuesta economica | F4: OBSERVACIONES
A6: ='LISTA PROPONENTES'!B2 -> 1 | B6: ='LISTA PROPONENTES'!C2 -> CONSTRUCCIONES ARES SAS | C6: 1.8376799e+09 | D6: 1.8376799e+09 | F6: Acorde al pliego de condiciones se realizo la corrección aritmetica según el literal a.
A7: ='LISTA PROPONENTES'!B3 -> 2 | B7: ='LISTA PROPONENTES'!C3 -> CONSORCIO ECO MANTENIMIENTOS | C7: 1833433910 | D7: 1.8334439e+09 | F7: Acorde al pliego de condiciones se realizo la corrección aritmetica según el literal a.
A8: ='LISTA PROPONENTES'!B4 -> 3 | B8: ='LISTA PROPONENTES'!C4 -> UT SEDES SENA BOYACA | C8: 1.8221043e+09 | D8: =C8-0.01 -> 1.8221043e+09 | F8: Acorde al pliego de condiciones se realizo la corrección aritmetica según el literal a.
A9: ='LISTA PROPONENTES'!B5 -> 4 | B9: ='LISTA PROPONENTES'!C5 -> DIARQCO CONSTRUCTORES SAS | C9: 1926493549 | D9: 2308119032 | F9: De acuerdo al pliego de condiciones definitivo y a la respuesta a las observaciones presentadas donde se menciona " ... la entidad informa y precisa que el valor de A.I.U. que debe incluir y expresar cada uno de los oferentes en su oferta económica debe calcularse de forma separada sobre el subtotal de costos directos, No es necesario discriminar el A.I.U. por cada análisis de precio unitario, ya que la entidad revisara el A.I.U. del subtotal de los costos directos de obra. Referente a como relacionar los valores de AIU en la oferta económica la entidad hace la aclaración que: en la sección 1 se debe indicar el AIU en porcentajes y en valores de acuerdo al subtotal de costos directos y en la sección 2 se debe indicar el AIU solo en porcentaje.". Segun lo mencionado previamente se rechaza la oferta economica presentada
A10: ='LISTA PROPONENTES'!B6 -> 5 | B10: ='LISTA PROPONENTES'!C6 -> CONSORCIO PREDESTINACION | C10: 1.8340219e+09 | D10: =+C10 -> 1.8340219e+09
A11: ='LISTA PROPONENTES'!B7 -> 6 | B11: ='LISTA PROPONENTES'!C7 -> CONSORCIO OBRAS SENA GT | C11: 1814565502 | D11: 1.8145655e+09 | F11: Acorde al pliego de condiciones se realizo la corrección aritmetica según el literal a.
A12: ='LISTA PROPONENTES'!B8 -> 7 | B12: ='LISTA PROPONENTES'!C8 -> CONSORCIO SENA CTC | C12: 1.8319618e+09 | D12: 1.8319618e+09 | F12: Acorde al pliego de condiciones se realizo la corrección aritmetica según el literal a.
A13: ='LISTA PROPONENTES'!B9 -> 8 | B13: ='LISTA PROPONENTES'!C9 -> CONSORCIO CE OBRAS SENA | C13: 1.7723762e+09 | D13: =C13 -> 1.7723762e+09
A14: ='LISTA PROPONENTES'!B10 -> 9 | B14: ='LISTA PROPONENTES'!C10 -> CONSORCIO SENA BOYACA | C14: 1.7936115e+09 | D14: =+C14+0.02 -> 1.7936115e+09 | F14: Acorde al pliego de condiciones se realizo la corrección aritmetica según el literal a.
A15: ='LISTA PROPONENTES'!B11 -> 10 | B15: ='LISTA PROPONENTES'!C11 -> CONSTRUCCIONES AMG SAS | C15: 1817147303 | D15: =+C15-0.11 -> 1.8171473e+09 | F15: Acorde al pliego de condiciones se realizo la corrección aritmetica según el literal a.
A16: ='LISTA PROPONENTES'!B12 -> 11 | B16: ='LISTA PROPONENTES'!C12 -> CONSTRUCCIONES KYOTO S.A.S | C16: 1.8332552e+09 | D16: =+C16 -> 1.8332552e+09
A17: ='LISTA PROPONENTES'!B13 -> 12 | B17: ='LISTA PROPONENTES'!C13 -> CONSORCIO MANTENIMIENTO CIMM 21 | C17: 1.8341758e+09 | D17: 1.834176e+09 | F17: Acorde al pliego de condiciones se realizo la corrección aritmetica según el literal a.
A18: ='LISTA PROPONENTES'!B14 -> 13 | B18: ='LISTA PROPONENTES'!C14 -> U.T. FZ SENA | C18: 1.8218887e+09 | D18: =+C18 -> 1.8218887e+09
A19: ='LISTA PROPONENTES'!B15 -> 14 | B19: ='LISTA PROPONENTES'!C15 -> CONSORCIO JHS - SAN JOSE | C19: 1.8033555e+09 | D19: =+C19+0.01 -> 1.8033555e+09 | F19: Acorde al pliego de condiciones se realizo la corrección aritmetica según el literal a.
A20: ='LISTA PROPONENTES'!B16 -> 15 | B20: ='LISTA PROPONENTES'!C16 -> CONSORCIO SAN PEDRO | C20: 1.8005011e+09 | D20: 1.8005013e+09 | F20: Acorde al pliego de condiciones se realizo la corrección aritmetica según el literal a.
A21: ='LISTA PROPONENTES'!B17 -> 16 | B21: ='LISTA PROPONENTES'!C17 -> CONSORCIO INDUSTRIAL M2 | C21: 1.7787318e+09 | D21: 1.7787319e+09
A22: =A21+1 -> 17 | B22: ='LISTA PROPONENTES'!C18 -> CONSORCIO INGENIERÍA BOYACÁ | C22: 1824004566 | D22: =+C22 -> 1824004566 | F22: De acuerdo al pliego de condiciones definitivo y a la respuesta a las observaciones presentadas donde se menciona " ... la entidad informa y precisa que el valor de A.I.U. que debe incluir y expresar cada uno de los oferentes en su oferta económica debe calcularse de forma separada sobre el subtotal de costos directos, No es necesario discriminar el A.I.U. por cada análisis de precio unitario, ya que la entidad revisara el A.I.U. del subtotal de los costos directos de obra. Referente a como relacionar los valores de AIU en la oferta económica la entidad hace la aclaración que: en la sección 1 se debe indicar el AIU en porcentajes y en valores de acuerdo al subtotal de costos directos y en la sección 2 se debe indicar el AIU solo en porcentaje.". Segun lo mencionado previamente se rechaza la oferta economica presentada
A23: =A22+1 -> 18 | B23: ='LISTA PROPONENTES'!C19 -> HACER DE COLOMBIA SAS | C23: 1862919250 | D23: =+C23 -> 1862919250 | F23: De acuerdo al pliego de condiciones en el numeral ""4,1 oferta economica" las ofertas economicas deben venir firmadas y presentarse en el formulario de presupuesto oficial establecido por la entidad, acorde a lo anterior la propuesta anexada se presento en un formato que no orresponde y adicionalmente no se encuentra firmada.
A24: =A23+1 -> 19 | B24: ='LISTA PROPONENTES'!C20 -> CONSORCIO SENA SOGAMOSO | C24: 1.8588223e+09 | D24: =+C24 -> 1.8588223e+09
A25: =A24+1 -> 20 | B25: ='LISTA PROPONENTES'!C21 -> RAELJA INGENIERIA S.A.S | C25: 1830364690 | D25: 1.8303647e+09 | F25: Acorde al pliego de condiciones se realizo la corrección aritmetica según el literal a.
A26: =A25+1 -> 21 | B26: ='LISTA PROPONENTES'!C22 -> CONSORCIO FLOR AMARILLO 2025 | C26: 1.8453921e+09 | D26: 1.8453921e+09 | F26: Acorde al pliego de condiciones se realizo la corrección aritmetica según el literal a.
A27: =A26+1 -> 22 | B27: ='LISTA PROPONENTES'!C23 -> GRUPO EMPRESARIAL INVERSIONES Y CONSTRUCCIONES CIA S.A.S. | C27: 1856366367 | D27: 1.8563664e+09 | F27: Acorde al pliego de condiciones se realizo la corrección aritmetica según el literal a.
A28: =A27+1 -> 23 | B28: ='LISTA PROPONENTES'!C24 -> CONSTRUCTORAAZUL65 | C28: 1826147898 | D28: 1.8261479e+09 | F28: Acorde al pliego de condiciones se realizo la corrección aritmetica según el literal a.

Sheet PRECIOS ART. BAJOS manual CCE
D1: PRESPUESTO OFICIAL | E1: =+'REVISION PROPUESTA ECONOMICA'!D3 -> 1926493549 | H1: Vi = Valor propuesta corregida
A2: N° | B2: PROPONENTE | C2: VALOR PROPUESTA | D2: VALOR PROPUESTA CORREGIDA | E2: OK / PRECIO ARTIF BAJO | F2: (Vi-Vm)^2 | G2: DIF. CON P.O. | H2: Vm = Valor Promedio propuestas
A3: =+'REVISION PROPUESTA ECONOMICA'!A6 -> 1 | B3: =+'REVISION PROPUESTA ECONOMICA'!B6 -> CONSTRUCCIONES ARES SAS | C3: =+'REVISION PROPUESTA ECONOMICA'!C6 -> 1.8376799e+09 | D3: =+'REVISION PROPUESTA ECONOMICA'!D6 -> 1.8376799e+09 | E3: =IF((D3>=$J$24),"OK","PRECIO ARTIF BAJO") -> OK | F3: =(D3-AVERAGE($D$3:$D$22))^2 -> 2.3667326e+14 | G3: =($E$1-D3)/$E$1 -> 0.046101187
A4: =+'REVISION PROPUESTA ECONOMICA'!A7 -> 2 | B4: =+'REVISION PROPUESTA ECONOMICA'!B7 -> CONSORCIO ECO MANTENIMIENTOS | C4: =+'REVISION PROPUESTA ECONOMICA'!C7 -> 1833433910 | D4: =+'REVISION PROPUESTA ECONOMICA'!D7 -> 1.8334439e+09 | E4: =IF((D4>=$J$24),"OK","PRECIO ARTIF BAJO") -> OK | F4: =(D4-AVERAGE($D$3:$D$22))^2 -> 1.2428217e+14 | G4: =($E$1-D4)/$E$1 -> 0.048299999
A5: =+'REVISION PROPUESTA ECONOMICA'!A8 -> 3 | B5: =+'REVISION PROPUESTA ECONOMICA'!B8 -> UT SEDES SENA BOYACA | C5: =+'REVISION PROPUESTA ECONOMICA'!C8 -> 1.8221043e+09 | D5: =+'REVISION PROPUESTA ECONOMICA'!D8 -> 1.8221043e+09 | E5: =IF((D5>=$J$24),"OK","PRECIO ARTIF BAJO") -> OK | F5: =(D5-AVERAGE($D$3:$D$22))^2 -> 3.6647603e+10 | G5: =($E$1-D5)/$E$1 -> 0.054186147
A6: =+'REVISION PROPUESTA ECONOMICA'!A10 -> 5 | B6: =+'REVISION PROPUESTA ECONOMICA'!B10 -> CONSORCIO PREDESTINACION | C6: =+'REVISION PROPUESTA ECONOMICA'!C10 -> 1.8340219e+09 | D6: =+'REVISION PROPUESTA ECONOMICA'!D10 -> 1.8340219e+09 | E6: =IF((D6>=$J$24),"OK","PRECIO ARTIF BAJO") -> OK | F6: =(D6-AVERAGE($D$3:$D$22))^2 -> 1.3750229e+14 | G6: =($E$1-D6)/$E$1 -> 0.048
A7: =+'REVISION PROPUESTA ECONOMICA'!A11 -> 6 | B7: =+'REVISION PROPUESTA ECONOMICA'!B11 -> CONSORCIO OBRAS SENA GT | C7: =+'REVISION PROPUESTA ECONOMICA'!C11 -> 1814565502 | D7: =+'REVISION PROPUESTA ECONOMICA'!D11 -> 1.8145655e+09 | E7: =IF((D7>=$J$24),"OK","PRECIO ARTIF BAJO") -> OK | F7: =(D7-AVERAGE($D$3:$D$22))^2 -> 5.9756329e+13 | G7: =($E$1-D7)/$E$1 -> 0.058099364
A8: =+'REVISION PROPUESTA ECONOMICA'!A12 -> 7 | B8: =+'REVISION PROPUESTA ECONOMICA'!B12 -> CONSORCIO SENA CTC | C8: =+'REVISION PROPUESTA ECONOMICA'!C12 -> 1.8319618e+09 | D8: =+'REVISION PROPUESTA ECONOMICA'!D12 -> 1.8319618e+09 | E8: =IF((D8>=$J$24),"OK","PRECIO ARTIF BAJO") -> OK | F8: =(D8-AVERAGE($D$3:$D$22))^2 -> 9.3433416e+13 | G8: =($E$1-D8)/$E$1 -> 0.049069321
A9: =+'REVISION PROPUESTA ECONOMICA'!A13 -> 8 | B9: =+'REVISION PROPUESTA ECONOMICA'!B13 -> CONSORCIO CE OBRAS SENA | C9: =+'REVISION PROPUESTA ECONOMICA'!C13 -> 1.7723762e+09 | D9: =+'REVISION PROPUESTA ECONOMICA'!D13 -> 1.7723762e+09 | E9: =IF((D9>=$J$24),"OK","PRECIO ARTIF BAJO") -> PRECIO ARTIF BAJO | F9: =(D9-AVERAGE($D$3:$D$22))^2 -> 2.4919553e+15 | G9: =($E$1-D9)/$E$1 -> 0.079998874
A10: =+'REVISION PROPUESTA ECONOMICA'!A14 -> 9 | B10: =+'REVISION PROPUESTA ECONOMICA'!B14 -> CONSORCIO SENA BOYACA | C10: =+'REVISION PROPUESTA ECONOMICA'!C14 -> 1.7936115e+09 | D10: =+'REVISION PROPUESTA ECONOMICA'!D14 -> 1.7936115e+09 | E10: =IF((D10>=$J$24),"OK","PRECIO ARTIF BAJO") -> PRECIO ARTIF BAJO | F10: =(D10-AVERAGE($D$3:$D$22))^2 -> 822781798328192 | G10: =($E$1-D10)/$E$1 -> 0.068976094
A11: =+'REVISION PROPUESTA ECONOMICA'!A15 -> 10 | B11: =+'REVISION PROPUESTA ECONOMICA'!B15 -> CONSTRUCCIONES AMG SAS | C11: =+'REVISION PROPUESTA ECONOMICA'!C15 -> 1817147303 | D11: =+'REVISION PROPUESTA ECONOMICA'!D15 -> 1.8171473e+09 | E11: =IF((D11>=$J$24),"OK","PRECIO ARTIF BAJO") -> OK | F11: =(D11-AVERAGE($D$3:$D$22))^2 -> 2.6506214e+13 | G11: =($E$1-D11)/$E$1 -> 0.056759207
A12: =+'REVISION PROPUESTA ECONOMICA'!A16 -> 11 | B12: =+'REVISION PROPUESTA ECONOMICA'!B16 -> CONSTRUCCIONES KYOTO S.A.S | C12: =+'REVISION PROPUESTA ECONOMICA'!C16 -> 1.8332552e+09 | D12: =+'REVISION PROPUESTA ECONOMICA'!D16 -> 1.8332552e+09 | E12: =IF((D12>=$J$24),"OK","PRECIO ARTIF BAJO") -> OK | F12: =(D12-AVERAGE($D$3:$D$22))^2 -> 1.2011074e+14 | G12: =($E$1-D12)/$E$1 -> 0.048397942
A13: =+'REVISION PROPUESTA ECONOMICA'!A17 -> 12 | B13: =+'REVISION PROPUESTA ECONOMICA'!B17 -> CONSORCIO MANTENIMIENTO CIMM 21 | C13: =+'REVISION PROPUESTA ECONOMICA'!C17 -> 1.8341758e+09 | D13: =+'REVISION PROPUESTA ECONOMICA'!D17 -> 1.834176e+09 | E13: =IF((D13>=$J$24),"OK","PRECIO ARTIF BAJO") -> OK | F13: =(D13-AVERAGE($D$3:$D$22))^2 -> 1.4114011e+14 | G13: =($E$1-D13)/$E$1 -> 0.047920008
A14: =+'REVISION PROPUESTA ECONOMICA'!A18 -> 13 | B14: =+'REVISION PROPUESTA ECONOMICA'!B18 -> U.T. FZ SENA | C14: =+'REVISION PROPUESTA ECONOMICA'!C18 -> 1.8218887e+09 | D14: =+'REVISION PROPUESTA ECONOMICA'!D18 -> 1.8218887e+09 | E14: =IF((D14>=$J$24),"OK","PRECIO ARTIF BAJO") -> OK | F14: =(D14-AVERAGE($D$3:$D$22))^2 -> 1.6562718e+11 | G14: =($E$1-D14)/$E$1 -> 0.054298028
A15: =+'REVISION PROPUESTA ECONOMICA'!A19 -> 14 | B15: =+'REVISION PROPUESTA ECONOMICA'!B19 -> CONSORCIO JHS - SAN JOSE | C15: =+'REVISION PROPUESTA ECONOMICA'!C19 -> 1.8033555e+09 | D15: =+'REVISION PROPUESTA ECONOMICA'!D19 -> 1.8033555e+09 | E15: =IF((D15>=$J$24),"OK","PRECIO ARTIF BAJO") -> PRECIO ARTIF BAJO | F15: =(D15-AVERAGE($D$3:$D$22))^2 -> 3.5873191e+14 | G15: =($E$1-D15)/$E$1 -> 0.063918224
A16: =+'REVISION PROPUESTA ECONOMICA'!A20 -> 15 | B16: =+'REVISION PROPUESTA ECONOMICA'!B20 -> CONSORCIO SAN PEDRO | C16: =+'REVISION PROPUESTA ECONOMICA'!C20 -> 1.8005011e+09 | D16: =+'REVISION PROPUESTA ECONOMICA'!D20 -> 1.8005013e+09 | E16: =IF((D16>=$J$24),"OK","PRECIO ARTIF BAJO") -> PRECIO ARTIF BAJO | F16: =(D16-AVERAGE($D$3:$D$22))^2 -> 4.7499858e+14 | G16: =($E$1-D16)/$E$1 -> 0.065399798 | J16: =I16*-1 -> 0
A17: =+'REVISION PROPUESTA ECONOMICA'!A21 -> 16 | B17: =+'REVISION PROPUESTA ECONOMICA'!B21 -> CONSORCIO INDUSTRIAL M2 | C17: =+'REVISION PROPUESTA ECONOMICA'!C21 -> 1.7787318e+09 | D17: =+'REVISION PROPUESTA ECONOMICA'!D21 -> 1.7787319e+09 | E17: =IF((D17>=$J$24),"OK","PRECIO ARTIF BAJO") -> PRECIO ARTIF BAJO | F17: =(D17-AVERAGE($D$3:$D$22))^2 -> 1.8978033e+15 | G17: =($E$1-D17)/$E$1 -> 0.07669977
A18: =+'REVISION PROPUESTA ECONOMICA'!A24 -> 19 | B18: =+'REVISION PROPUESTA ECONOMICA'!B24 -> CONSORCIO SENA SOGAMOSO | C18: =+'REVISION PROPUESTA ECONOMICA'!C24 -> 1.8588223e+09 | D18: =+'REVISION PROPUESTA ECONOMICA'!D24 -> 1.8588223e+09 | E18: =IF((D18>=$J$24),"OK","PRECIO ARTIF BAJO") -> OK | F18: =(D18-AVERAGE($D$3:$D$22))^2 -> 1.3341937e+15 | G18: =($E$1-D18)/$E$1 -> 0.035126622
A19: =+'REVISION PROPUESTA ECONOMICA'!A25 -> 20 | B19: =+'REVISION PROPUESTA ECONOMICA'!B25 -> RAELJA INGENIERIA S.A.S | C19: =+'REVISION PROPUESTA ECONOMICA'!C25 -> 1830364690 | D19: =+'REVISION PROPUESTA ECONOMICA'!D25 -> 1.8303647e+09 | E19: =IF((D19>=$J$24),"OK","PRECIO ARTIF BAJO") -> OK | F19: =(D19-AVERAGE($D$3:$D$22))^2 -> 6.5108298e+13 | G19: =($E$1-D19)/$E$1 -> 0.049898354
A20: =+'REVISION PROPUESTA ECONOMICA'!A26 -> 21 | B20: =+'REVISION PROPUESTA ECONOMICA'!B26 -> CONSORCIO FLOR AMARILLO 2025 | C20: =+'REVISION PROPUESTA ECONOMICA'!C26 -> 1.8453921e+09 | D20: =+'REVISION PROPUESTA ECONOMICA'!D26 -> 1.8453921e+09 | E20: =IF((D20>=$J$24),"OK","PRECIO ARTIF BAJO") -> OK | F20: =(D20-AVERAGE($D$3:$D$22))^2 -> 5.3344422e+14 | G20: =($E$1-D20)/$E$1 -> 0.042097943
A21: =+'REVISION PROPUESTA ECONOMICA'!A27 -> 22 | B21: =+'REVISION PROPUESTA ECONOMICA'!B27 -> GRUPO EMPRESARIAL INVERSIONES Y CONSTRUCCIONES CIA S.A.S. | C21: =+'REVISION PROPUESTA ECONOMICA'!C27 -> 1856366367 | D21: =+'REVISION PROPUESTA ECONOMICA'!D27 -> 1.8563664e+09 | E21: =IF((D21>=$J$24),"OK","PRECIO ARTIF BAJO") -> OK | F21: =(D21-AVERAGE($D$3:$D$22))^2 -> 1.1608089e+15 | G21: =($E$1-D21)/$E$1 -> 0.036401462
A22: =+'REVISION PROPUESTA ECONOMICA'!A28 -> 23 | B22: =+'REVISION PROPUESTA ECONOMICA'!B28 -> CONSTRUCTORAAZUL65 | C22: =+'REVISION PROPUESTA ECONOMICA'!C28 -> 1826147898 | D22: =+'REVISION PROPUESTA ECONOMICA'!D28 -> 1.8261479e+09 | E22: =IF((D22>=$J$24),"OK","PRECIO ARTIF BAJO") -> OK | F22: =(D22-AVERAGE($D$3:$D$22))^2 -> 1.4839244e+13 | G22: =($E$1-D22)/$E$1 -> 0.052087199
C23: PROMEDIO (Vm) | D23: =AVERAGE(D3:D22) -> 1.8222957e+09
C24: MEDIANA o promedio | D24: =MEDIAN(D3:D22) -> 1.8282563e+09 | F24: =SUM(F3:F22) -> 1.0094272e+16 | I24: VALOR LIMITE PARA SER CONSIDERADO PRECIO BAJO | J24: =+D24-(SQRT(F24/COUNT(D3:D22))) -> 1.8057905e+09
I26: TOTAL PROPUESTAS | J26: =COUNT(D3:D22) -> 20
C27: DESVIACIÓN ESTANDAR | D27: =_xlfn.STDEV.P(D3:D22) -> 22465832
D28: =D24-D27 -> 1.8057905e+09

Sheet CONSOLIDADO PUNTOS
A2: No. De Radicación | B2: PROPONENTE | C2: JURIDICA | D2: FINANCIERA | E2: TECNICA | F2: HABILITADO (DAR PUNTOS) / NO HABILITADO (NO PUNTUAR) | G2: Asignación puntaje de FACTOR DE CALIDAD | I2: APOYO A LA INDUSTRIA NACIONAL (20 puntos) | J2: VINCULACIÓN DE PERSONAS CON DISCAPACIDAD (1 puntos) | K2: EMPRENDIMIENTOS Y EMPRESAS DE MUJERES (0,25 puntos) | L2: MIPYME (0,25 puntos) | M2: PROPUESTA ECONOMICA (59,75 puntos) | N2: TOTAL ACUMULADO | O2: DESCUENTO POR VERIFICACION MULTAS O CLAUSULAS PENALES | P2: DESCUENTO POR ANOTACION OBRAS INCONCLUSAS
G3: Programa de gerencia de proyectos (10 Puntos) | H3: Garantía Plan de Calidad (9 puntos)
B4: ='LISTA PROPONENTES'!C2 -> CONSTRUCCIONES ARES SAS | C4: HABILITADO | D4: HABILITADO | E4: HABILITADO | F4: =IF(AND(C4="HABILITADO",D4="HABILITADO",E4="HABILITADO"),"DAR PUNTOS","NO PUNTUAR") -> DAR PUNTOS | G4: 10 | H4: 9 | I4: 20 | J4: 1 | K4: 0.25 | L4: 0.25 | M4: ='C. MEDIA ARITMETICA BAJA'!E4 -> 58.336251 | N4: =+M4+J4+I4+H4+G4+K4+L4 -> 98.836251 | Q4: =_xlfn.RANK.EQ(N4,$N$4:$N$21,0) -> 15
B5: ='LISTA PROPONENTES'!C3 -> CONSORCIO ECO MANTENIMIENTOS | C5: HABILITADO | D5: HABILITADO | E5: HABILITADO | F5: =IF(AND(C5="HABILITADO",D5="HABILITADO",E5="HABILITADO"),"DAR PUNTOS","NO PUNTUAR") -> DAR PUNTOS | G5: 10 | H5: 9 | I5: 20 | J5: 1 | K5: 0.25 | L5: 0.25 | M5: ='C. MEDIA ARITMETICA BAJA'!E5 -> 58.476086 | N5: =+M5+J5+I5+H5+G5+K5+L5 -> 98.976086 | Q5: =_xlfn.RANK.EQ(N5,$N$4:$N$21,0) -> 12
B6: ='LISTA PROPONENTES'!C4 -> UT SEDES SENA BOYACA | C6: HABILITADO | D6: HABILITADO | E6: HABILITADO | F6: =IF(AND(C6="HABILITADO",D6="HABILITADO",E6="HABILITADO"),"DAR PUNTOS","NO PUNTUAR") -> DAR PUNTOS | G6: 10 | H6: 9 | I6: 20 | J6: 1 | K6: 0.25 | L6: 0.25 | M6: ='C. MEDIA ARITMETICA BAJA'!E6 -> 58.850419 | N6: =+M6+J6+I6+H6+G6+K6+L6 -> 99.350419 | Q6: =_xlfn.RANK.EQ(N6,$N$4:$N$21,0) -> 6
B7: ='LISTA PROPONENTES'!C6 -> CONSORCIO PREDESTINACION | C7: HABILITADO | D7: HABILITADO | E7: HABILITADO | F7: =IF(AND(C7="HABILITADO",D7="HABILITADO",E7="HABILITADO"),"DAR PUNTOS","NO PUNTUAR") -> DAR PUNTOS | G7: 10 | H7: 9 | I7: 20 | J7: 1 | K7: 0.25 | L7: 0.25 | M7: ='C. MEDIA ARITMETICA BAJA'!E7 -> 58.457007 | N7: =+M7+J7+I7+H7+G7+K7+L7 -> 98.957007 | Q7: =_xlfn.RANK.EQ(N7,$N$4:$N$21,0) -> 13
B8: ='LISTA PROPONENTES'!C7 -> CONSORCIO OBRAS SENA GT | C8: HABILITADO | D8: HABILITADO | E8: HABILITADO | F8: =IF(AND(C8="HABILITADO",D8="HABILITADO",E8="HABILITADO"),"DAR PUNTOS","NO PUNTUAR") -> DAR PUNTOS | G8: 10 | H8: 9 | I8: 20 | J8: 1 | K8: 0.25 | L8: 0.25 | M8: ='C. MEDIA ARITMETICA BAJA'!E8 -> 59.099282 | N8: =+M8+J8+I8+H8+G8+K8+L8 -> 99.599282 | Q8: =_xlfn.RANK.EQ(N8,$N$4:$N$21,0) -> 3
B9: ='LISTA PROPONENTES'!C8 -> CONSORCIO SENA CTC | C9: HABILITADO | D9: HABILITADO | E9: HABILITADO | F9: =IF(AND(C9="HABILITADO",D9="HABILITADO",E9="HABILITADO"),"DAR PUNTOS","NO PUNTUAR") -> DAR PUNTOS | G9: 10 | H9: 9 | I9: 20 | J9: 1 | K9: 0.25 | L9: 0.25 | M9: ='C. MEDIA ARITMETICA BAJA'!E9 -> 58.525011 | N9: =+M9+J9+I9+H9+G9+K9+L9 -> 99.025011 | Q9: =_xlfn.RANK.EQ(N9,$N$4:$N$21,0) -> 10
B10: ='LISTA PROPONENTES'!C10 -> CONSORCIO SENA BOYACA | C10: HABILITADO | D10: HABILITADO | E10: HABILITADO | F10: =IF(AND(C10="HABILITADO",D10="HABILITADO",E10="HABILITADO"),"DAR PUNTOS","NO PUNTUAR") -> DAR PUNTOS | G10: 10 | H10: 9 | I10: 20 | J10: 1 | K10: 0.25 | L10: 0.25 | M10: ='C. MEDIA ARITMETICA BAJA'!E10 -> 59.209006 | N10: =+M10+J10+I10+H10+G10+K10+L10 -> 99.709006 | Q10: =_xlfn.RANK.EQ(N10,$N$4:$N$21,0) -> 2
B11: ='LISTA PROPONENTES'!C11 -> CONSTRUCCIONES AMG SAS | C11: HABILITADO | D11: HABILITADO | E11: HABILITADO | F11: =IF(AND(C11="HABILITADO",D11="HABILITADO",E11="HABILITADO"),"DAR PUNTOS","NO PUNTUAR") -> DAR PUNTOS | G11: 10 | H11: 9 | I11: 20 | J11: 1 | K11: 0.25 | L11: 0.25 | M11: ='C. MEDIA ARITMETICA BAJA'!E11 -> 59.014054 | N11: =+M11+J11+I11+H11+G11+K11+L11 -> 99.514054 | Q11: =_xlfn.RANK.EQ(N11,$N$4:$N$21,0) -> 4
B12: ='LISTA PROPONENTES'!C12 -> CONSTRUCCIONES KYOTO S.A.S | C12: HABILITADO | D12: HABILITADO | E12: HABILITADO | F12: =IF(AND(C12="HABILITADO",D12="HABILITADO",E12="HABILITADO"),"DAR PUNTOS","NO PUNTUAR") -> DAR PUNTOS | G12: 10 | H12: 9 | I12: 20 | J12: 1 | K12: 0.25 | L12: 0.25 | M12: ='C. MEDIA ARITMETICA BAJA'!E12 -> 58.482315 | N12: =+M12+J12+I12+H12+G12+K12+L12 -> 98.982315 | Q12: =_xlfn.RANK.EQ(N12,$N$4:$N$21,0) -> 11
B13: ='LISTA PROPONENTES'!C13 -> CONSORCIO MANTENIMIENTO CIMM 21 | C13: HABILITADO | D13: HABILITADO | E13: HABILITADO | F13: =IF(AND(C13="HABILITADO",D13="HABILITADO",E13="HABILITADO"),"DAR PUNTOS","NO PUNTUAR") -> DAR PUNTOS | G13: 10 | H13: 9 | I13: 20 | J13: 1 | K13: 0.25 | L13: 0.25 | M13: ='C. MEDIA ARITMETICA BAJA'!E13 -> 58.45192 | N13: =+M13+J13+I13+H13+G13+K13+L13 -> 98.95192 | Q13: =_xlfn.RANK.EQ(N13,$N$4:$N$21,0) -> 14
B14: ='LISTA PROPONENTES'!C14 -> U.T. FZ SENA | C14: HABILITADO | D14: HABILITADO | E14: HABILITADO | F14: =IF(AND(C14="HABILITADO",D14="HABILITADO",E14="HABILITADO"),"DAR PUNTOS","NO PUNTUAR") -> DAR PUNTOS | G14: 10 | H14: 9 | I14: 20 | J14: 1 | K14: 0.25 | L14: 0.25 | M14: ='C. MEDIA ARITMETICA BAJA'!E14 -> 58.857534 | N14: =+M14+J14+I14+H14+G14+K14+L14 -> 99.357534 | Q14: =_xlfn.RANK.EQ(N14,$N$4:$N$21,0) -> 5
B15: ='LISTA PROPONENTES'!C16 -> CONSORCIO SAN PEDRO | C15: HABILITADO | D15: HABILITADO | E15: HABILITADO | F15: =IF(AND(C15="HABILITADO",D15="HABILITADO",E15="HABILITADO"),"DAR PUNTOS","NO PUNTUAR") -> DAR PUNTOS | G15: 10 | H15: 9 | I15: 20 | J15: 1 | K15: 0.25 | L15: 0.25 | M15: ='C. MEDIA ARITMETICA BAJA'!E15 -> 59.436443 | N15: =+M15+J15+I15+H15+G15+K15+L15 -> 99.936443 | Q15: =_xlfn.RANK.EQ(N15,$N$4:$N$21,0) -> 1
B16: ='LISTA PROPONENTES'!C17 -> CONSORCIO INDUSTRIAL M2 | C16: HABILITADO | D16: HABILITADO | E16: HABILITADO | F16: =IF(AND(C16="HABILITADO",D16="HABILITADO",E16="HABILITADO"),"DAR PUNTOS","NO PUNTUAR") -> DAR PUNTOS | G16: 10 | H16: 9 | I16: 20 | J16: 1 | K16: 0.25 | L16: 0.25 | M16: ='C. MEDIA ARITMETICA BAJA'!E16 -> 58.717814 | N16: =+M16+J16+I16+H16+G16+K16+L16 -> 99.217814 | Q16: =_xlfn.RANK.EQ(N16,$N$4:$N$21,0) -> 7
B17: ='LISTA PROPONENTES'!C20 -> CONSORCIO SENA SOGAMOSO | C17: HABILITADO | D17: HABILITADO | E17: HABILITADO | F17: =IF(AND(C17="HABILITADO",D17="HABILITADO",E17="HABILITADO"),"DAR PUNTOS","NO PUNTUAR") -> DAR PUNTOS | G17: 10 | H17: 9 | I17: 20 | J17: 1 | K17: 0.25 | L17: 0.25 | M17: ='C. MEDIA ARITMETICA BAJA'!E17 -> 57.638317 | N17: =+M17+J17+I17+H17+G17+K17+L17 -> 98.138317 | Q17: =_xlfn.RANK.EQ(N17,$N$4:$N$21,0) -> 18
B18: ='LISTA PROPONENTES'!C21 -> RAELJA INGENIERIA S.A.S | C18: HABILITADO | D18: HABILITADO | E18: HABILITADO | F18: =IF(AND(C18="HABILITADO",D18="HABILITADO",E18="HABILITADO"),"DAR PUNTOS","NO PUNTUAR") -> DAR PUNTOS | G18: 10 | H18: 9 | I18: 20 | J18: 1 | K18: 0.25 | L18: 0.25 | M18: ='C. MEDIA ARITMETICA BAJA'!E18 -> 58.577734 | N18: =+M18+J18+I18+H18+G18+K18+L18 -> 99.077734 | Q18: =_xlfn.RANK.EQ(N18,$N$4:$N$21,0) -> 9
B19: ='LISTA PROPONENTES'!C22 -> CONSORCIO FLOR AMARILLO 2025 | C19: HABILITADO | D19: HABILITADO | E19: HABILITADO | F19: =IF(AND(C19="HABILITADO",D19="HABILITADO",E19="HABILITADO"),"DAR PUNTOS","NO PUNTUAR") -> DAR PUNTOS | G19: 10 | H19: 9 | I19: 20 | J19: 1 | K19: 0.25 | L19: 0.25 | M19: ='C. MEDIA ARITMETICA BAJA'!E19 -> 58.081662 | N19: =+M19+J19+I19+H19+G19+K19+L19 -> 98.581662 | Q19: =_xlfn.RANK.EQ(N19,$N$4:$N$21,0) -> 16
B20: ='LISTA PROPONENTES'!C23 -> GRUPO EMPRESARIAL INVERSIONES Y CONSTRUCCIONES CIA S.A.S. | C20: HABILITADO | D20: HABILITADO | E20: HABILITADO | F20: =IF(AND(C20="HABILITADO",D20="HABILITADO",E20="HABILITADO"),"DAR PUNTOS","NO PUNTUAR") -> DAR PUNTOS | G20: 10 | H20: 9 | I20: 20 | J20: 1 | K20: 0.25 | L20: 0.25 | M20: ='C. MEDIA ARITMETICA BAJA'!E20 -> 57.719391 | N20: =+M20+J20+I20+H20+G20+K20+L20 -> 98.219391 | Q20: =_xlfn.RANK.EQ(N20,$N$4:$N$21,0) -> 17
B21: ='LISTA PROPONENTES'!C24 -> CONSTRUCTORAAZUL65 | C21: HABILITADO | D21: HABILITADO | E21: HABILITADO | F21: =IF(AND(C21="HABILITADO",D21="HABILITADO",E21="HABILITADO"),"DAR PUNTOS","NO PUNTUAR") -> DAR PUNTOS | G21: 10 | H21: 9 | I21: 20 | J21: 1 | K21: 0.25 | L21: 0.25 | M21: ='C. MEDIA ARITMETICA BAJA'!E21 -> 58.716935 | N21: =+M21+J21+I21+H21+G21+K21+L21 -> 99.216935 | Q21: =_xlfn.RANK.EQ(N21,$N$4:$N$21,0) -> 8

Sheet C. MEDIA ARITMETICA BAJA
C1: VALOR MAXIMO PUNTAJE | D1: 59.5 | E1: PRESPUESTO OFICIAL
E2: =+'REVISION PROPUESTA ECONOMICA'!D3 -> 1926493549
A3: N° | B3: PROPONENTE | C3: VALOR PORPUESTA | D3: VALOR PROPUESTA CORREGIDA | E3: PUNTAJE Oferta económica | F3: Posición
A4: =+'PRECIOS ART. BAJOS manual CCE'!A3 -> 1 | B4: =+'PRECIOS ART. BAJOS manual CCE'!B3 -> CONSTRUCCIONES ARES SAS | C4: =+'PRECIOS ART. BAJOS manual CCE'!D3 -> 1.8376799e+09 | D4: =+C4 -> 1.8376799e+09 | E4: =IF((D4<=$C$27),($D$1*(1-(($C$27-D4)/$C$27))),($D$1*(1-((ABS($C$27-D4))/$C$27)))) -> 58.336251 | F4: =_xlfn.RANK.EQ(E4,$E$4:$E$21,0) -> 15 | G4: =(($E$2-D4)/$E$2) -> 0.046101187 | H4: =+D4-$D$22 -> 11558649
A5: =+'PRECIOS ART. BAJOS manual CCE'!A4 -> 2 | B5: =+'PRECIOS ART. BAJOS manual CCE'!B4 -> CONSORCIO ECO MANTENIMIENTOS | C5: =+'PRECIOS ART. BAJOS manual CCE'!D4 -> 1.8334439e+09 | D5: =+C5 -> 1.8334439e+09 | E5: =IF((D5<=$C$27),($D$1*(1-(($C$27-D5)/$C$27))),($D$1*(1-((ABS($C$27-D5))/$C$27)))) -> 58.476086 | F5: =_xlfn.RANK.EQ(E5,$E$4:$E$21,0) -> 12 | G5: =(($E$2-D5)/$E$2) -> 0.048299999 | H5: =+D5-$D$22 -> 7322651.9
A6: =+'PRECIOS ART. BAJOS manual CCE'!A5 -> 3 | B6: =+'PRECIOS ART. BAJOS manual CCE'!B5 -> UT SEDES SENA BOYACA | C6: =+'PRECIOS ART. BAJOS manual CCE'!D5 -> 1.8221043e+09 | D6: =+C6 -> 1.8221043e+09 | E6: =IF((D6<=$C$27),($D$1*(1-(($C$27-D6)/$C$27))),($D$1*(1-((ABS($C$27-D6))/$C$27)))) -> 58.850419 | F6: =_xlfn.RANK.EQ(E6,$E$4:$E$21,0) -> 6 | G6: =(($E$2-D6)/$E$2) -> 0.054186147 | H6: =+D6-$D$22 -> -4016974.9
A7: =+'PRECIOS ART. BAJOS manual CCE'!A6 -> 5 | B7: =+'PRECIOS ART. BAJOS manual CCE'!B6 -> CONSORCIO PREDESTINACION | C7: =+'PRECIOS ART. BAJOS manual CCE'!D6 -> 1.8340219e+09 | D7: =+C7 -> 1.8340219e+09 | E7: =IF((D7<=$C$27),($D$1*(1-(($C$27-D7)/$C$27))),($D$1*(1-((ABS($C$27-D7))/$C$27)))) -> 58.457007 | F7: =_xlfn.RANK.EQ(E7,$E$4:$E$21,0) -> 13 | G7: =(($E$2-D7)/$E$2) -> 0.048 | H7: =+D7-$D$22 -> 7900597.7
A8: =+'PRECIOS ART. BAJOS manual CCE'!A7 -> 6 | B8: =+'PRECIOS ART. BAJOS manual CCE'!B7 -> CONSORCIO OBRAS SENA GT | C8: =+'PRECIOS ART. BAJOS manual CCE'!D7 -> 1.8145655e+09 | D8: =+C8 -> 1.8145655e+09 | E8: =IF((D8<=$C$27),($D$1*(1-(($C$27-D8)/$C$27))),($D$1*(1-((ABS($C$27-D8))/$C$27)))) -> 59.099282 | F8: =_xlfn.RANK.EQ(E8,$E$4:$E$21,0) -> 3 | G8: =(($E$2-D8)/$E$2) -> 0.058099364 | H8: =+D8-$D$22 -> -11555761
A9: =+'PRECIOS ART. BAJOS manual CCE'!A8 -> 7 | B9: =+'PRECIOS ART. BAJOS manual CCE'!B8 -> CONSORCIO SENA CTC | C9: =+'PRECIOS ART. BAJOS manual CCE'!D8 -> 1.8319618e+09 | D9: =+C9 -> 1.8319618e+09 | E9: =IF((D9<=$C$27),($D$1*(1-(($C$27-D9)/$C$27))),($D$1*(1-((ABS($C$27-D9))/$C$27)))) -> 58.525011 | F9: =_xlfn.RANK.EQ(E9,$E$4:$E$21,0) -> 10 | G9: =(($E$2-D9)/$E$2) -> 0.049069321 | H9: =+D9-$D$22 -> 5840556.9
A10: =+'PRECIOS ART. BAJOS manual CCE'!A10 -> 9 | B10: =+'PRECIOS ART. BAJOS manual CCE'!B10 -> CONSORCIO SENA BOYACA | C10: =+'PRECIOS ART. BAJOS manual CCE'!D10 -> 1.7936115e+09 | D10: =+C10 -> 1.7936115e+09 | E10: =IF((D10<=$C$27),($D$1*(1-(($C$27-D10)/$C$27))),($D$1*(1-((ABS($C$27-D10))/$C$27)))) -> 59.209006 | F10: =_xlfn.RANK.EQ(E10,$E$4:$E$21,0) -> 2 | G10: =(($E$2-D10)/$E$2) -> 0.068976094 | H10: =+D10-$D$22 -> -32509713
A11: =+'PRECIOS ART. BAJOS manual CCE'!A11 -> 10 | B11: =+'PRECIOS ART. BAJOS manual CCE'!B11 -> CONSTRUCCIONES AMG SAS | C11: =+'PRECIOS ART. BAJOS manual CCE'!D11 -> 1.8171473e+09 | D11: =+C11 -> 1.8171473e+09 | E11: =IF((D11<=$C$27),($D$1*(1-(($C$27-D11)/$C$27))),($D$1*(1-((ABS($C$27-D11))/$C$27)))) -> 59.014054 | F11: =_xlfn.RANK.EQ(E11,$E$4:$E$21,0) -> 4 | G11: =(($E$2-D11)/$E$2) -> 0.056759207 | H11: =+D11-$D$22 -> -8973957.9
A12: =+'PRECIOS ART. BAJOS manual CCE'!A12 -> 11 | B12: =+'PRECIOS ART. BAJOS manual CCE'!B12 -> CONSTRUCCIONES KYOTO S.A.S | C12: =+'PRECIOS ART. BAJOS manual CCE'!D12 -> 1.8332552e+09 | D12: =+C12 -> 1.8332552e+09 | E12: =IF((D12<=$C$27),($D$1*(1-(($C$27-D12)/$C$27))),($D$1*(1-((ABS($C$27-D12))/$C$27)))) -> 58.482315 | F12: =_xlfn.RANK.EQ(E12,$E$4:$E$21,0) -> 11 | G12: =(($E$2-D12)/$E$2) -> 0.048397942 | H12: =+D12-$D$22 -> 7133965.5
A13: =+'PRECIOS ART. BAJOS manual CCE'!A13 -> 12 | B13: =+'PRECIOS ART. BAJOS manual CCE'!B13 -> CONSORCIO MANTENIMIENTO CIMM 21 | C13: =+'PRECIOS ART. BAJOS manual CCE'!D13 -> 1.834176e+09 | D13: =+C13 -> 1.834176e+09 | E13: =IF((D13<=$C$27),($D$1*(1-(($C$27-D13)/$C$27))),($D$1*(1-((ABS($C$27-D13))/$C$27)))) -> 58.45192 | F13: =_xlfn.RANK.EQ(E13,$E$4:$E$21,0) -> 14 | G13: =(($E$2-D13)/$E$2) -> 0.047920008 | H13: =+D13-$D$22 -> 8054701.2
A14: =+'PRECIOS ART. BAJOS manual CCE'!A14 -> 13 | B14: =+'PRECIOS ART. BAJOS manual CCE'!B14 -> U.T. FZ SENA | C14: =+'PRECIOS ART. BAJOS manual CCE'!D14 -> 1.8218887e+09 | D14: =+C14 -> 1.8218887e+09 | E14: =IF((D14<=$C$27),($D$1*(1-(($C$27-D14)/$C$27))),($D$1*(1-((ABS($C$27-D14))/$C$27)))) -> 58.857534 | F14: =_xlfn.RANK.EQ(E14,$E$4:$E$21,0) -> 5 | G14: =(($E$2-D14)/$E$2) -> 0.054298028 | H14: =+D14-$D$22 -> -4232512.5
A15: =+'PRECIOS ART. BAJOS manual CCE'!A16 -> 15 | B15: =+'PRECIOS ART. BAJOS manual CCE'!B16 -> CONSORCIO SAN PEDRO | C15: =+'PRECIOS ART. BAJOS manual CCE'!D16 -> 1.8005013e+09 | D15: =+C15 -> 1.8005013e+09 | E15: =IF((D15<=$C$27),($D$1*(1-(($C$27-D15)/$C$27))),($D$1*(1-((ABS($C$27-D15))/$C$27)))) -> 59.436443 | F15: =_xlfn.RANK.EQ(E15,$E$4:$E$21,0) -> 1 | G15: =(($E$2-D15)/$E$2) -> 0.065399798 | H15: =+D15-$D$22 -> -25620001
A16: =+'PRECIOS ART. BAJOS manual CCE'!A17 -> 16 | B16: =+'PRECIOS ART. BAJOS manual CCE'!B17 -> CONSORCIO INDUSTRIAL M2 | C16: =+'PRECIOS ART. BAJOS manual CCE'!D17 -> 1.7787319e+09 | D16: =+C16 -> 1.7787319e+09 | E16: =IF((D16<=$C$27),($D$1*(1-(($C$27-D16)/$C$27))),($D$1*(1-((ABS($C$27-D16))/$C$27)))) -> 58.717814 | F16: =_xlfn.RANK.EQ(E16,$E$4:$E$21,0) -> 7 | G16: =(($E$2-D16)/$E$2) -> 0.07669977 | H16: =+D16-$D$22 -> -47389323
A17: =+'PRECIOS ART. BAJOS manual CCE'!A18 -> 19 | B17: =+'PRECIOS ART. BAJOS manual CCE'!B18 -> CONSORCIO SENA SOGAMOSO | C17: =+'PRECIOS ART. BAJOS manual CCE'!D18 -> 1.8588223e+09 | D17: =+C17 -> 1.8588223e+09 | E17: =IF((D17<=$C$27),($D$1*(1-(($C$27-D17)/$C$27))),($D$1*(1-((ABS($C$27-D17))/$C$27)))) -> 57.638317 | F17: =_xlfn.RANK.EQ(E17,$E$4:$E$21,0) -> 18 | G17: =(($E$2-D17)/$E$2) -> 0.035126622 | H17: =+D17-$D$22 -> 32701077
A18: =+'PRECIOS ART. BAJOS manual CCE'!A19 -> 20 | B18: =+'PRECIOS ART. BAJOS manual CCE'!B19 -> RAELJA INGENIERIA S.A.S | C18: =+'PRECIOS ART. BAJOS manual CCE'!D19 -> 1.8303647e+09 | D18: =+C18 -> 1.8303647e+09 | E18: =IF((D18<=$C$27),($D$1*(1-(($C$27-D18)/$C$27))),($D$1*(1-((ABS($C$27-D18))/$C$27)))) -> 58.577734 | F18: =_xlfn.RANK.EQ(E18,$E$4:$E$21,0) -> 9 | G18: =(($E$2-D18)/$E$2) -> 0.049898354 | H18: =+D18-$D$22 -> 4243432
A19: =+'PRECIOS ART. BAJOS manual CCE'!A20 -> 21 | B19: =+'PRECIOS ART. BAJOS manual CCE'!B20 -> CONSORCIO FLOR AMARILLO 2025 | C19: =+'PRECIOS ART. BAJOS manual CCE'!D20 -> 1.8453921e+09 | D19: =+C19 -> 1.8453921e+09 | E19: =IF((D19<=$C$27),($D$1*(1-(($C$27-D19)/$C$27))),($D$1*(1-((ABS($C$27-D19))/$C$27)))) -> 58.081662 | F19: =_xlfn.RANK.EQ(E19,$E$4:$E$21,0) -> 16 | G19: =(($E$2-D19)/$E$2) -> 0.042097943 | H19: =+D19-$D$22 -> 19270872
A20: =+'PRECIOS ART. BAJOS manual CCE'!A21 -> 22 | B20: =+'PRECIOS ART. BAJOS manual CCE'!B21 -> GRUPO EMPRESARIAL INVERSIONES Y CONSTRUCCIONES CIA S.A.S. | C20: =+'PRECIOS ART. BAJOS manual CCE'!D21 -> 1.8563664e+09 | D20: =+C20 -> 1.8563664e+09 | E20: =IF((D20<=$C$27),($D$1*(1-(($C$27-D20)/$C$27))),($D$1*(1-((ABS($C$27-D20))/$C$27)))) -> 57.719391 | F20: =_xlfn.RANK.EQ(E20,$E$4:$E$21,0) -> 17 | G20: =(($E$2-D20)/$E$2) -> 0.036401462 | H20: =+D20-$D$22 -> 30245106
A21: =+'PRECIOS ART. BAJOS manual CCE'!A22 -> 23 | B21: =+'PRECIOS ART. BAJOS manual CCE'!B22 -> CONSTRUCTORAAZUL65 | C21: =+'PRECIOS ART. BAJOS manual CCE'!D22 -> 1.8261479e+09 | D21: =+C21 -> 1.8261479e+09 | E21: =IF((D21<=$C$27),($D$1*(1-(($C$27-D21)/$C$27))),($D$1*(1-((ABS($C$27-D21))/$C$27)))) -> 58.716935 | F21: =_xlfn.RANK.EQ(E21,$E$4:$E$21,0) -> 8 | G21: =(($E$2-D21)/$E$2) -> 0.052087199 | H21: =+D21-$D$22 -> 26634.59
C22: PROMEDIO ARITMETICO | D22: =AVERAGE(D4:D21) -> 1.8261213e+09
B25: PROPUESTA HABILITADA MAS BAJA | C25: =MIN(C4:C21) -> 1.7787319e+09
B26: PROMEDIO | C26: =+D22 -> 1.8261213e+09
B27: MEDIA ARITMETICA BAJA | C27: =AVERAGE(C25:C26) -> 1.8024266e+09
